 Dungeon Crawl Stone Soup version 0.24.1-14-gf8d2b50 (webtiles) character file.

Game seed: 289654591468550620, levelgen mode: deterministic

1694 shmeve the Shield-Bearer (level 8, -1/71 HPs)
             Began as a Minotaur Berserker on June 15, 2020.
             Was an Elder of Trog.
             Slain by an orc warrior
             ... wielding a +0 glaive
              (8 damage)
             ... on level 7 of the Dungeon.
             The game lasted 00:12:57 (5095 turns).

shmeve the Shield-Bearer (Minotaur Berserker)       Turns: 5095, Time: 00:12:58

Health: -1/71      AC:  4    Str: 23    XL:     8   Next: 72%
Magic:  7/7        EV: 11    Int:  5    God:    Trog [****..]
Gold:   348        SH: 13    Dex: 10    Spells: 7/7 levels left

rFire    . . .     SeeInvis .   a - +0 hand axe
rCold    . . .     Gourm    .   m - +2 shield {rPois}
rNeg     . . .     Faith    .   y - +0 swamp dragon scales
rPois    +         Spirit   .   (helmet restricted)
rElec    .         Reflect  .   (no cloak)
rCorr    .         Harm     .   (no gloves)
MR       +....                  (no boots)
Stlth    ..........             s - amulet of regeneration
HPRegen  0.61/turn              x - ring of protection from magic (curse)
MPRegen  0.10/turn              (no ring)

@: corroded, berserk cooldown, slowed, very slow
A: retaliatory headbutt, horns 2
a: Berserk, Trog's Hand, Brothers in Arms, Renounce Religion


You were on level 7 of the Dungeon.
You worshipped Trog.
Trog was greatly pleased with you.
You were very hungry.

You visited 1 branch of the dungeon, and saw 7 of its levels.

You collected 348 gold pieces.

Inventory:

Hand Weapons
 a - a +0 hand axe (weapon)
Missiles
 k - 5 boomerangs (quivered)
Armour
 m - a +2 shield of poison resistance (worn)
 y - +0 swamp dragon scales (worn)
Jewellery
 s - an amulet of regeneration (around neck)
 x - a cursed ring of protection from magic (left hand)
Scrolls
 b - 4 scrolls of remove curse
 d - 4 scrolls of teleportation {unknown}
 e - 7 scrolls of identify
 f - 2 scrolls of magic mapping {unknown}
 g - 2 scrolls of blinking {unknown}
 h - a scroll of noise {unknown}
 o - a scroll of fear {unknown}
 p - a scroll of enchant weapon {unknown}
 q - a scroll of amnesia {unknown}
 r - 2 scrolls of immolation {unknown}
 v - a scroll of fog {unknown}
 w - 2 scrolls of random uselessness {unknown}
Potions
 i - 2 potions of ambrosia {unknown}
 j - a potion of lignification {unknown}
 l - 3 potions of curing
 n - 2 potions of flight {unknown}
 u - a potion of magic {unknown}
 z - a potion of haste {unknown}
 A - 2 potions of heal wounds {unknown}
 B - a potion of brilliance {unknown}
 C - a potion of resistance {unknown}
Comestibles
 c - 17 rations
 t - a chunk of flesh


   Skills:
 * Level 6.8 Fighting
 * Level 6.9 Axes
 + Level 3.1 Throwing
 + Level 4.8 Armour
 + Level 4.3 Dodging
 * Level 7.4 Shields


You had 7 spell levels left.
You didn't know any spells.
Your spell library was empty.

Dungeon Overview and Level Annotations

Branches:
Dungeon (7/15)             Temple (0/1) D:5

Altars:
Gozag
Ru

Shops:
D:4 :

Annotations:
D:3 1 runed translucent door, Magonis's ghost, weakling GrEE


Innate Abilities, Weirdness & Mutations

You reflexively headbutt those who attack you in melee.
You have a pair of horns on your head.


Message History

The orc warrior is almost dead.
You miss something.
You hit the adder skeleton but do no damage.
You hit the orc but do no damage.
Your skin stops crawling.
You feel less resistant to hostile enchantments.
Something hits you.
* * * LOW HITPOINT WARNING * * *
The gnoll hits you from afar with a +0 halberd!
* * * LOW HITPOINT WARNING * * *
You block the adder skeleton's attack. You block the orc's attack.
Something hits you but does no damage. You block the orc warrior's attack.
The gnoll hits you from afar with a +0 halberd.
* * * LOW HITPOINT WARNING * * *
You feel better. Something hits you.
* * * LOW HITPOINT WARNING * * *
The adder skeleton bites you but does no damage.
You block the orc's attack. Something completely misses you.
The orc warrior hits you with a +0 glaive!
You die...

... #.........
..##>........ ..
............ #.
.........# #.#
####........# #..
....>..g...# #..
#.)oZ....#
#..#####.o@{....#
#.........##......
#..<...)..#####...
#.#.....†.(.........
#.......)([.#######
##......))#.#
#.###....#.# #.
#....#.# # #.......


You could see an orc warrior, a gnoll, an orc and an adder skeleton.

Vanquished Creatures
  An ogre (D:5)
  2 centaurs
  4 bullfrogs
  2 scorpions
  A water moccasin skeleton (D:6)
  A howler monkey (D:5)
  3 crimson imps
  A bullfrog zombie (D:6)
  A centaur zombie (D:5)
  A jelly (D:7)
  5 orc priests
  4 hounds
  7 orc wizards
  2 iguanas
  8 adders
  9 gnolls
  3 shadow imps
  An ooze (D:1)
  2 adder skeletons
  4 worms
  3 dart slugs
  2 leopard geckos
  24 orcs
  10 bats
  6 giant cockroaches
  7 hobgoblins
  7 jackals
  5 quokkas
  3 ball pythons
  4 frilled lizards
  10 goblins
  A jackal skeleton (D:2)
  13 kobolds
  A quokka skeleton (D:6)
  7 rats
165 creatures vanquished.

Notes
Turn   | Place    | Note
-------+----------+-------------------------------------------
     0 | D:1      | shmeve the Minotaur Berserker began the quest for the Orb.
     0 | D:1      | Reached XP level 1. HP: 19/19 MP: 0/0
    17 | D:1      | Reached XP level 2. HP: 13/27 MP: 1/1
   625 | D:1      | Reached XP level 3. HP: 33/33 MP: 2/2
   889 | D:1      | Reached ** piety under Trog
  1311 | D:2      | Found an opulent altar of Gozag.
  1314 | D:2      | Reached skill level 1 in Shields
  1595 | D:2      | Reached skill level 2 in Shields
  1651 | D:2      | Reached XP level 4. HP: 29/40 MP: 3/3
  2210 | D:3      | Reached skill level 3 in Shields
  2211 | D:3      | Reached skill level 4 in Shields
  2211 | D:3      | Reached XP level 5. HP: 46/46 MP: 4/4
  2456 | D:3      | Found a runed translucent door.
  2471 | D:3      | Noticed Magonis's ghost (weakling GrEE)
  2494 | D:3      | Reached *** piety under Trog
  2618 | D:3      | Reached skill level 1 in Throwing
  2618 | D:3      | Reached skill level 5 in Shields
  2673 | D:3      | Reached XP level 6. HP: 40/53 MP: 5/5
  2832 | D:3      | Received a gift from Trog
  3356 | D:4      | Got a crude leather armour
  3358 | D:4      | Identified the +1 leather armour of Qelidyc {rF+ Dex+4
                  | Slay-5} (You found it on level 4 of the Dungeon)
  3534 | D:4      | Reached skill level 5 in Axes
  3738 | D:4      | Found Mamogri's Book Shop.
  3865 | D:5      | Entered Level 5 of the Dungeon
  3875 | D:5      | Found a staircase to the Ecumenical Temple.
  3893 | D:5      | Reached skill level 5 in Fighting
  3893 | D:5      | Reached XP level 7. HP: 17/61 MP: 6/6
  4008 | D:5      | Reached skill level 6 in Shields
  4547 | D:6      | Reached **** piety under Trog
  4561 | D:6      | Reached XP level 8. HP: 70/70 MP: 7/7
  4838 | D:6      | Found a sacrificial altar of Ru.
  4907 | D:6      | Reached skill level 7 in Shields
  5094 | D:7      | HP: 1/71 [gnoll/+0 halberd (6)]
  5095 | D:7      | Slain by an orc warrior

Levels and vault maps discovered:
D:1:      erik_arrival_cave_to_civilisation [erik_arrival_cave_to_hall],
          layout_basic, serial_corexii_hall, chequers_hall_statues_wall_a,
          chequers_hall_statues_wall_a, minmay_misc_feat_encased,
          minmay_misc_feat_plants, minmay_tetromino_t4
D:2:      layout_basic, nicolae_gozag_seed_capital
D:3:      layout_basic, ebering_ghost_reflecting_pool, first_ration
D:4:      layout_basic, serial_shops, nicolae_shop_crystal,
          kennysheep_nondescript, hangedman_abyss_or_decor_lesser_grid,
          kennysheep_generic_room_4
D:5:      layout_basic, minmay_temple_entry_overgrown
D:6:      layout_loops_ring, lemuel_doored_altar
D:7:      layout_loops_ring, serial_shops,
          nicolae_shop_temple_entry_statues_fountains

Skill      XL: |  1  2  3  4  5  6  7  8 |
---------------+-------------------------+-----
Axes           | 4 5 6 |  6.9
Fighting       | 4 5 6 |  6.8
Shields        | 2 4 5 6 7 |  7.4
Throwing       | 1 2 3 |  3.1
Armour         | 3 4 |  4.8
Dodging        | 3 4 |  4.3

Action                   |  1- 3 |  4- 6 |  7- 9 || total
-------------------------+-------+-------+-------++-------
Melee: Hand axe          |    87 |   162 |   192 ||   441
       Headbutt          |    17 |    33 |    52 ||   102
Throw: Boomerang         |       |    22 |     3 ||    25
Invok: Berserk           |     1 |     4 |     2 ||     7
       Trog's Hand       |       |     1 |     1 ||     2
  Use: Scroll            |       |     3 |     1 ||     4
       Potion            |       |       |     1 ||     1
  Eat: Chunk             |     3 |    12 |     5 ||    20
Armor: Animal skin       |     7 |       |       ||     7
       Chain mail        |    36 |    68 |    29 ||   133
       Swamp dragon scal |       |       |    30 ||    30
Dodge: Dodged            |    53 |    44 |    61 ||   158
Block: Shield            |       |    67 |   126 ||   193
